 Dungeon Crawl Stone Soup version 0.30-a0-709-gcdc1b43e22 (webtiles) character file.

Game seed: 17331998879602304846

244 Bnni the Vexing (level 6, 0/42 (44) HPs)
             Began as a Formicid Hexslinger on Jan 22, 2023.
             Slain by a white imp (2 damage)
             ... summoned by Natasha
             ... on level 3 of the Dungeon.
             The game lasted 00:04:45 (3045 turns).

Bnni the Vexing (Formicid Hexslinger)               Turns: 3045, Time: 00:04:45

HP:   0/42 (44)     AC:  4    Str: 14    XL:     6   Next: 32%
MP:   8/9           EV: 12    Int: 15    God:
Gold: 114           SH:  0    Dex: 14    Spells: 1/9 levels left

rFire   . . .      SeeInvis +    a - +1 sling
rCold   . . .      Faith    .    (no shield)
rNeg    . . .      Spirit   .    c - +0 robe
rPois   .          Reflect  .    (helmet unavailable)
rElec   .          Harm     .    h - +0 cloak
rCorr   .          Rampage  .    i - +0 pair of gloves
Will    .....                    (no boots)
Stlth   +                        (no amulet)
HPRegen 0.27/turn                (no ring)
MPRegen 0.11/turn                (no ring)

@: lightly drained
A: permanent stasis, dig shafts and tunnels, antennae 3, four strong arms
a: Dig, Shaft Self


You were on level 3 of the Dungeon.
You visited 1 branch of the dungeon, and saw 3 of its levels.

You collected 114 gold pieces.

Inventory:

Hand Weapons
 a - a +1 sling (weapon)
Armour
 c - a +0 robe (worn)
 h - a +0 cloak (worn)
 i - a +0 pair of gloves (worn)
Wands
 p - a wand of light (2)
Scrolls
 b - 3 scrolls of poison
 d - 3 scrolls of immolation
 f - a scroll of teleportation {unknown}
 j - 2 scrolls of magic mapping {unknown}
 m - a scroll of acquirement {unknown}
 n - a scroll of enchant armour {unknown}
 o - 2 scrolls of identify {unknown}
 r - a scroll of blinking {unknown}
 s - a scroll of enchant weapon {unknown}
 t - a scroll of brand weapon {unknown}
Potions
 e - 3 potions of attraction {unknown}
 g - a potion of mutation {unknown}
 k - 2 potions of resistance {unknown}
 l - a potion of brilliance {unknown}


   Skills:
 + Level 2.2 Fighting
 * Level 3.6 Ranged Weapons
 - Level 1.7 Dodging
 + Level 2.0 Spellcasting
 * Level 5.1 Hexes
 * Level 2.5 Fire Magic


You had one spell level left.
You knew the following spells:

 Your Spells              Type           Power      Damage    Failure   Level
a - Slow                  Hex            68%        N/A       2%          1
b - Inner Flame           Hex/Fire       13%        N/A       14%         3
d - Cause Fear            Hex            8%         N/A       26%         4

Your spell library contained the following spells:

 Spells                   Type           Power      Damage    Failure   Level
 Beastly Appendage        Tmut           2%         N/A       22%         1
 Portal Projectile        Hex/Tloc       18%        N/A       22%         3
 Sublimation of Blood     Necr           1%         N/A       32%         2
 Wereblood                Tmut           1%         N/A       32%         2
 Spider Form              Tmut/Pois      1%         N/A       54%         3
 Petrify                  Tmut/Erth      1%         N/A       91%         4
 Irradiate                Conj/Tmut      0%         3d11      99%         5


Dungeon Overview and Level Annotations

Branches:
Dungeon (3/15)

Altars:

Annotations:
D:3 Natasha


Innate Abilities, Weirdness & Mutations

You cannot be hasted, slowed, berserked, paralysed or teleported.
You can dig through walls and to a lower floor.
You have a pair of large antennae on your head. (SInv)
Your four strong arms can wield two-handed weapons with a shield.


Message History

You feel better. The shadow imp gestures at you. Pain shoots through your body!
Natasha claws you!
* * * LOW HITPOINT WARNING * * *
You extend your mandibles.
You dig through the rock wall.
You feel drained.
The shadow imp attacks as you move away!
The shadow imp hits you.
* * * LOW HITPOINT WARNING * * *
Okay, then.
Casting: Slow (safe; 2% risk of failure)
Confirm with . or Enter, or press ? or * to list all spells.
Aiming: Slow (safe; 2% risk of failure)
Press: ? - help, Shift-Dir - straight line, f/p - Natasha
Aim: Natasha (heavily wounded, chance to affect: 50%)
The shadow imp seems to slow down.
Natasha casts a spell.
The shadow imp gestures at you.
You struggle to resist.
You retract your mandibles.
You shoot a sling bullet.
The sling bullet barely misses the shadow imp.
You shoot a sling bullet.
The sling bullet hits the shadow imp but does no damage.
The shadow imp misses you.
Fire: a) +1 sling
Press: ? - help, Shift-Dir - straight line, f - Natasha, p - shadow imp
Aim: Natasha (heavily wounded, 51% to hit)
You shoot a sling bullet. The sling bullet hits the shadow imp!
The shadow imp is severely wounded.
The shadow imp misses you.
Fire: a) +1 sling
Press: ? - help, Shift-Dir - straight line, f/p - Natasha
Aim: Natasha (heavily wounded, 51% to hit)
You shoot a sling bullet. The sling bullet hits the shadow imp.
You kill the shadow imp!
The shadow imp disappears in a puff of smoke!
You hear a shout!
The white imp hits you.
* * * LOW HITPOINT WARNING * * *
The white imp freezes you.
You die...

#### ##...
#..# ##>#
#@.#
####5### #
#......###..
#...........
#.......##..
#.......#
#.......#
#......##
##.....#


You could see a white imp (summoned).

Vanquished Creatures
  Jessica (D:3)
  3 orc wizards (D:3)
  Natasha (twice) (D:3)
  An adder (D:3)
  A dart slug (D:2)
  6 orcs (D:3)
  7 endoplasms
  2 giant cockroaches (D:2)
  8 goblins
  3 hobgoblins
  4 jackals (D:2)
  2 quokkas
  A ball python (D:1)
  2 bats
  4 frilled lizards
  4 kobolds
  6 rats
57 creatures vanquished.

Vanquished Creatures (others)
  An orc wizard (D:3)
1 creature vanquished.

Grand Total: 58 creatures vanquished

Notes
Turn   | Place    | Note
-------+----------+-------------------------------------------
     0 | D:1      | Bnni the Formicid Hexslinger began the quest for the Orb.
     0 | D:1      | Reached XP level 1. HP: 15/15 MP: 2/2
   157 | D:1      | Reached XP level 2. HP: 11/21 MP: 3/3
   819 | D:1      | Reached skill level 4 in Hexes
  1112 | D:2      | Reached XP level 3. HP: 26/26 MP: 4/4
  1116 | D:2      | Reached skill level 1 in Fire Magic
  1120 | D:2      | Learned a level 3 spell: Inner Flame
  2054 | D:3      | Noticed Jessica
  2165 | D:3      | Killed Jessica
  2166 | D:3      | Reached XP level 4. HP: 6/32 MP: 3/6
  2404 | D:3      | Reached XP level 5. HP: 29/38 MP: 7/7
  2648 | D:3      | Reached XP level 6. HP: 29/44 MP: 8/8
  2650 | D:3      | Reached skill level 5 in Hexes
  2655 | D:3      | Learned a level 4 spell: Cause Fear
  2740 | D:3      | Noticed Natasha
  2748 | D:3      | Killed Natasha
  2824 | D:3      | Noticed Natasha
  2841 | D:3      | Killed Natasha
  3022 | D:3      | Noticed Natasha
  3045 | D:3      | HP: 2/42 [white imp[Natasha] (4)]
  3045 | D:3      | Slain by a white imp

Illustrated notes

Levels and vault maps discovered:
D:1:      lightli_arrival_isolated_outpost, layout_basic
D:2:      cheibrodos_helix_gallery, layout_basic, nrook_mini_backslash,
          amethyst_killhole
D:3:      layout_basic, uniq_jessica, uniq_natasha

Skill      XL: |  1  2  3  4  5  6 |
---------------+-------------------+-----
Hexes          | 4 5 |  5.1
Fire Magic     | 1 2 |  2.5
Ranged Weapons | 3 |  3.6
Fighting       | 2 |  2.2
Spellcasting   | 2 |  2.0
Dodging        | |  1.7

Action                     |  1- 3 |  4- 6 || total
---------------------------+-------+-------++-------
  Melee: Sling             |       |     1 ||     1
   Fire: Sling             |   127 |   113 ||   240
   Cast: Slow              |     4 |    12 ||    16
Ability: Dig               |       |     1 ||     1
    Use: Potion            |       |     2 ||     2
         Scroll            |       |     1 ||     1
 Armour: Robe              |    28 |    18 ||    46
  Dodge: Dodged            |    57 |    48 ||   105

Table legend: (Time is in decaauts)
 A = Elapsed time spent in this place.
 B = Non-inter-level travel time spent in this place.
 C = Inter-level travel time spent in this place.
 D = Time resting spent in this place.
 E = Time spent auto-exploring this place.
 F = Levels seen in this place.
 G = Mean time per level.
                   A        B        C        D        E       F      G
               +--------+--------+--------+--------+--------+-----+--------+
         Total |   3111 |   3018 |     93 |    132 |   2374 |   3 | 1037.0 |
       Dungeon |   3111 |   3018 |     93 |    132 |   2374 |   3 | 1037.0 |
               +--------+--------+--------+--------+--------+-----+--------+

Top non-repeatable levels by time:
     D:1: 1121 daAuts
     D:3: 995 daAuts
     D:2: 994 daAuts
